 Dungeon Crawl Stone Soup version 0.21-a0-113-g6841d05 (webtiles) character file.

25 GordonOverkill the Vexing (level 2, -2/19 HPs)
             Began as a Vampire Enchanter on July 11, 2017.
             Slain by Sigmund
             ... wielding a +0 scythe
              (11 damage)
             ... on level 2 of the Dungeon.
             The game lasted 00:03:11 (1944 turns).

GordonOverkill the Vexing (Vampire Enchanter)       Turns: 1944, Time: 00:03:11

Health: -2/19      AC:  2    Str:  7    XL:     2   Next: 86%
Magic:  1/5        EV: 12    Int: 17    God:
Gold:   22         SH:  0    Dex: 14    Spells: 2/5 levels left

rFire    . . .     SeeInvis +   a - +1 dagger
rCold    + . .     Gourm    .   (no shield)
rNeg     + + .     Faith    .   b - +0 robe
rPois    +         Spirit   .   (no helmet)
rElec    .         Reflect  .   (no cloak)
rCorr    .         Harm     .   (no gloves)
MR       .....                  (no boots)
Stlth    ++++......             (no amulet)
HPRegen  0.03/turn              (no ring)
MPRegen  0.09/turn              (no ring)

@: regenerating slowly
A: fangs 3, see invisible, unbreathing
a: no special abilities


You were on level 2 of the Dungeon.
You were thirsty.

You visited 1 branch of the dungeon, and saw 2 of its levels.

You collected 22 gold pieces.

Inventory:

Hand Weapons
 a - a +1 dagger (weapon)
 d - a +0 rapier
Armour
 b - a +0 robe (worn)
Scrolls
 f - a scroll of amnesia {unknown}
 g - a scroll of enchant armour {unknown}
 h - 3 scrolls of teleportation {unknown}
 i - 2 scrolls of identify {unknown}
 j - a scroll of remove curse {unknown}
 k - a scroll of fear {unknown}
 l - a scroll of magic mapping {unknown}
 m - a scroll of enchant weapon {unknown}
Potions
 e - a potion of berserk rage {unknown}
 q - 11 potions of blood
Books
 c - a book of Maledictions

   Spells                             Type                      Level
   a - Corona                         Hexes                        1
   b - Ensorcelled Hibernation        Hexes/Ice                    2
   c - Confuse                        Hexes                        3
   d - Tukima's Dance                 Hexes                        3
   e - Dazzling Spray                 Conjuration/Hexes            3


   Skills:
 + Level 1.7 Short Blades
 - Level 2.1 Dodging
 + Level 4.7 Stealth
 + Level 2.0 Spellcasting
 * Level 5.3 Hexes
 + Level 0.6 Ice Magic


You had 2 spell levels left.
You knew the following spells:

 Your Spells              Type           Power        Failure   Level  Hunger
a - Corona                Hex            ###....      2%          1    #......
b - Ensorcelled Hibernat  Hex/Ice        ##....       9%          2    ###....


Dungeon Overview and Level Annotations

Branches:
Dungeon (2/15)

Altars:

Annotations:
D:2 Sigmund


Innate Abilities, Weirdness & Mutations

You heal slowly.
You have razor-sharp teeth.
You have supernaturally acute eyesight. (SInv)
You can survive without breathing.


Message History

Press: ? - help, Shift-Dir - straight line, f - Sigmund
Aim: Sigmund, wielding a scythe and wearing a robe (slightly transparent, chance to defeat MR: 50%) Sigmund resists with some effort.
Sigmund hits you with a scythe!
Ouch! That really hurt!
Casting: Ensorcelled Hibernation
Confirm with . or Enter, or press ? or * to list all spells.
Aiming: Ensorcelled Hibernation
Press: ? - help, Shift-Dir - straight line, f/p - Sigmund
Aim: Sigmund, wielding a scythe and wearing a robe (slightly transparent, chance to defeat MR: 50%) Sigmund resists with some effort.
Casting: Ensorcelled Hibernation
Confirm with . or Enter, or press ? or * to list all spells.
You don't have enough magic to cast that spell.
Unknown command.
Casting: Ensorcelled Hibernation
Confirm with . or Enter, or press ? or * to list all spells.
Okay, then.
Sigmund hits you from afar with a scythe!
Ouch! That really hurt!
You die...

#..........
#.......... ..
#.......... ...
........#
...###......#
............###
........@.....(
...............
#########.@.......
#.......#.........
#.......#.........
#.......#.........
#.................
#....%[........###
##.......#####.#
#.......# .#
#.......+ #


You could see Sigmund (invisible).

Vanquished Creatures
  2 dart slugs (D:2)
  A ball python (D:1)
  A giant cockroach (D:1)
  5 goblins (D:1)
  4 hobgoblins (D:1)
  2 bats (D:1)
  3 kobolds (D:1)
  2 rats (D:1)
20 creatures vanquished.

Notes
Turn   | Place    | Note
-------+----------+-------------------------------------------
     0 | D:1      | GordonOverkill the Vampire Enchanter began the quest for the Orb.
     0 | D:1      | Reached XP level 1. HP: 13/13 MP: 3/3
   721 | D:1      | Reached XP level 2. HP: 19/19 MP: 3/5
   727 | D:1      | Reached skill level 5 in Hexes
  1062 | D:1      | Learned a level 2 spell: Ensorcelled Hibernation
  1835 | D:2      | Noticed Sigmund
  1944 | D:2      | Slain by Sigmund

Vault maps used:
D:1:      dpeg_arrival_simpleton_c
D:2:      nicolae_dithmenos_shadow_blocks, uniq_sigmund

Skill      XL: |  1  2 |
---------------+-------+-----
Hexes          | 5 |  5.3
Short Blades   | |  1.7
Dodging        | |  2.1
Stealth        | |  4.7
Spellcasting   | |  2.0
Ice Magic      | |  0.6

Action                   || total
-------------------------++-------
Melee: Dagger            ||    80
       Bite              ||     8
 Cast: Corona            ||    18
       Ensorcelled Hiber ||    11
  Use: Potion            ||     2
 Stab: Sleeping          ||     2
Armor: Robe              ||     8
Dodge: Dodged            ||    49
